 Dungeon Crawl Stone Soup version 0.27-a0-1188-g73eefd5def (webtiles) character file.

Game seed: 11937914387491683727

220 kasomir the Bolt Thrower (level 6, -4/36 HPs)
             Began as a Kobold Hunter on May 21, 2021.
             Slain by a small abomination (12 damage)
             ... on level 3 of the Dungeon.
             The game lasted 00:11:52 (3029 turns).

kasomir the Bolt Thrower (Kobold Hunter)            Turns: 3029, Time: 00:11:53

Health: -4/36      AC:  3    Str:  9    XL:     6   Next: 18%
Magic:  6/6        EV: 15    Int: 12    God:
Gold:   90         SH:  0    Dex: 18    Spells: 5/5 levels left

rFire    . . .     SeeInvis .   a - +1 hand crossbow
rCold    + . .     Faith    .   (shield restricted)
rNeg     . . .     Spirit   .   c - +0 leather armour
rPois    .         Reflect  .   (no helmet)
rElec    .         Harm     .   (no cloak)
rCorr    .         Rampage  .   (no gloves)
Will     .....                  (no boots)
Stlth    +++.......             (no amulet)
HPRegen  0.12/turn              i - ring of protection from cold
MPRegen  0.10/turn              (no ring)

@: invisible
A: small, no large weapons, nightstalker 3
a: no special abilities


You were on level 3 of the Dungeon.
You visited 1 branch of the dungeon, and saw 3 of its levels.

You collected 90 gold pieces.

Inventory:

Hand Weapons
 a - a +1 hand crossbow (weapon)
 b - a +3 rapier
Missiles
 d - 13 bolts (quivered ammo)
Armour
 c - a +0 leather armour (worn)
Jewellery
 i - a ring of protection from cold (left hand)
Scrolls
 f - a scroll of teleportation {unknown}
 g - a scroll of noise {unknown}
 m - a scroll of vulnerability {unknown}
Potions
 e - a potion of curing
 k - a potion of heal wounds {unknown}
 l - a potion of might {unknown}


   Skills:
 + Level 2.9 Fighting
 + Level 2.8 Short Blades
 + Level 6.3 Crossbows
 + Level 1.7 Armour
 + Level 2.9 Dodging
 + Level 2.8 Stealth


You had 5 spell levels left.
You didn't know any spells.
Your spell library contained the following spells:

 Spells                   Type           Power      Damage    Failure   Level
 Animate Skeleton         Necr           0%         N/A       41%         1
 Magic Dart               Conj           0%         1d3       41%         1
 Pain                     Necr           0%         1d4       41%         1
 Sting                    Tmut/Pois      0%         1d3       41%         1
 Blink                    Tloc           N/A        N/A       56%         2
 Call Imp                 Summ           0%         N/A       56%         2
 Slow                     Hex            0%         N/A       56%         2
 Conjure Flame            Conj/Fire      0%         6-21      80%         3
 Dazzling Flash           Conj/Hex       0%         N/A       80%         3
 Mephitic Cloud           Conj/Pois/Air  0%         N/A       80%         3
 Spider Form              Tmut/Pois      0%         N/A       80%         3
 Vampiric Draining        Necr           0%         2d6       80%         3
 Animate Dead             Necr           0%         N/A       99%         4
 Cause Fear               Hex            0%         N/A       99%         4
 Agony                    Necr           0%         N/A       100%        5


Dungeon Overview and Level Annotations

Branches:
Dungeon (3/15)

Altars:

Portals:
Abyss: D:3

Annotations:
D:3 1 transporter


Innate Abilities, Weirdness & Mutations

You are small and have problems with some larger weapons.
You are completely attuned to the shadows.


Message History

You feel agile.
You have reached level 6!
Your experience leads to an increase in your attributes!
Increase (S)trength, (I)ntelligence, or (D)exterity?
You feel agile.
You start resting.
You flicker for a moment.
You start resting.
You flicker back into view.
You start resting.
Your magical contamination has completely faded away.
You start resting.
HP restored.
d - 12 bolts (gained 1)
d - 13 bolts (gained 1)
Press: ? - help, v - describe, . - travel, g - get item Item here: a bolt.
A one-way gate to the infinite horrors of the Abyss.
a - a +1 hand crossbow (weapon)
A small abomination comes into view.
Press: ? - help, . - travel You can't see that place. [a stone wall.] Unknown command.
Found a transporter.
The gnoll shouts!
The small abomination hits you!
You pick up a book of Minor Magic and begin reading...
You add the spells Magic Dart, Blink, Call Imp, Slow and Conjure Flame to your library.
The small abomination hits you!!
Ouch! That really hurt!
* * * LOW HITPOINT WARNING * * *
Really attack while wielding your +1 hand crossbow? [Y]es or [N]o only, please.
Really attack while wielding your +1 hand crossbow?
Okay, then.
Unknown command.
You fade into invisibility!
The small abomination hits you!
You die...

##...# #...#
#....##########.## #####
##### ##...# ####.##
#######...##### #.....#
..............# #.###.#
#.........>.##.###.# #.#
#...........#......###.#
#......###....####.....#
#.....#♣x#♣..##∩.####..#
#.....#@#.##.###...©#©.#
#.....####.♣##..##.##..#
####...#..g....#♣##♣...#
#...##♣.##.♣#.......#
##....#..###...©...##
#....#©..♣#..♣##..##
#...##..$#..##.♣#..#
#..## .$##.♣..#♣#.# #..#
# # ###.#.##.#


You could see a small abomination.

Vanquished Creatures
  The ghost of CougarLife the Insei, an amateur GnTm (D:3)
  An orc wizard (D:2)
  A gnoll (D:1)
  An adder (D:3)
  A dart slug (D:2)
  2 orcs (D:2)
  5 endoplasms
  A giant cockroach (D:2)
  7 goblins
  A hobgoblin (D:2)
  A quokka (D:2)
  10 ball pythons
  4 bats
  3 frilled lizards
  4 kobolds
  6 rats
49 creatures vanquished.

Vanquished Creatures (others)
  6 plants (D:2)
6 creatures vanquished.

Grand Total: 55 creatures vanquished

Notes
Turn   | Place    | Note
-------+----------+-------------------------------------------
     0 | D:1      | kasomir the Kobold Hunter began the quest for the Orb.
     0 | D:1      | Reached XP level 1. HP: 12/12 MP: 1/1
    75 | D:1      | Reached skill level 5 in Crossbows
   193 | D:1      | Reached XP level 2. HP: 17/17 MP: 2/2
   535 | D:1      | Reached XP level 3. HP: 22/22 MP: 3/3
  1259 | D:2      | Reached skill level 6 in Crossbows
  1259 | D:2      | Reached XP level 4. HP: 13/27 MP: 4/4
  1857 | D:2      | Identified Qamoguef's Tome of Bewitching Contamination
  2518 | D:3      | Reached skill level 1 in Short Blades
  2738 | D:3      | Found a faded altar of an unknown god.
  2841 | D:3      | Noticed a toenail golem
  2865 | D:3      | Found a transporter.
  2896 | D:3      | Noticed CougarLife's ghost (amateur GnTm)
  2896 | D:3      | Found a one-way gate to the infinite horrors of the Abyss.
  2912 | D:3      | HP: 1/27 [CougarLife's ghost (4)]
  2915 | D:3      | Killed CougarLife's ghost
  2916 | D:3      | Reached skill level 1 in Armour
  2916 | D:3      | Reached XP level 5. HP: 21/32 MP: 5/5
  2916 | D:3      | Reached XP level 6. HP: 24/36 MP: 6/6
  3022 | D:3      | Noticed a small abomination
  3023 | D:3      | Found a transporter.
  3029 | D:3      | Slain by a small abomination

Illustrated notes

Levels and vault maps discovered:
D:1:      matt_arrival_refuge, layout_basic
D:2:      layout_basic, serial_bayou_ford_a
D:3:      layout_basic, shapermc_ecumenical_altar_starsandcircs,
          gammafunk_ghost_abyssal_escape, serial_bayou_pond_e, dk_vineyard_3

Skill      XL: |  1  2  3  4 |
---------------+-------------+-----
Crossbows      | 5 6 |  6.3
Short Blades   | 2 |  2.8
Armour         | 1 |  1.7
Stealth        | 2 |  2.8
Fighting       | |  2.9
Dodging        | |  2.9

Action                   |  1- 3 |  4- 6 || total
-------------------------+-------+-------++-------
Melee: Short sword       |     9 |    47 ||    56
       Rapier            |       |    22 ||    22
 Fire: Hand crossbow     |    40 |    10 ||    50
  Use: Potion            |       |     4 ||     4
       Scroll            |       |     2 ||     2
 Stab: Sleeping          |       |     6 ||     6
Armor: Leather armour    |     2 |    19 ||    21
Dodge: Dodged            |     9 |    47 ||    56

Table legend: (Time is in decaauts)
 A = Elapsed time spent in this place.
 B = Non-inter-level travel time spent in this place.
 C = Inter-level travel time spent in this place.
 D = Time resting spent in this place.
 E = Time spent auto-exploring this place.
 F = Levels seen in this place.
 G = Mean time per level.
                   A        B        C        D        E       F      G
               +--------+--------+--------+--------+--------+-----+--------+
         Total |   3049 |   2955 |     94 |    559 |   1915 |   3 | 1016.3 |
       Dungeon |   3049 |   2955 |     94 |    559 |   1915 |   3 | 1016.3 |
               +--------+--------+--------+--------+--------+-----+--------+

Top non-repeatable levels by time:
     D:2: 1385 daAuts
     D:1: 1083 daAuts
     D:3: 579 daAuts
